 Dungeon Sprint DCSS version 0.28.0-53-g5a82cb258f (webtiles) character file.

Game seed: 14905528787256425086

718 Groucho the Magician (level 7, 0/90 HPs)
             Began as a Gnoll Warper on July 19, 2022.
             Was a High Priest of Sif Muna.
             Slain by an ice beast (2 damage)
             ... in the Dungeon (Sprint VII: "The Pits").
             The game lasted 00:07:32 (1504 turns).

Groucho the Magician (Gnoll Warper)                 Turns: 1504, Time: 00:07:32

Health: 0/90       AC:  3    Str: 10    XL:     7   Next: 70%
Magic:  16/18      EV: 14    Int: 15    God:    Sif Muna [*****.]
Gold:   0          SH:  0    Dex: 11    Spells: 13/21 levels left

rFire   . . .      SeeInvis .   j - +2 trident
rCold   . . .      Faith    .   (no shield)
rNeg    . . .      Spirit   .   b - +0 leather armour
rPois   .          Reflect  .   (no helmet)
rElec   .          Harm     .   (no cloak)
rCorr   .          Rampage  .   (no gloves)
Will    .....      NoTele   +   (no boots)
Stlth   ..........              (no amulet)
HPRegen 0.25/turn               (no ring)
MPRegen 0.16/turn               (no ring)

@: berserking, very quick
A: fangs 1, strong nose, distributed training
a: Renounce Religion, Channel Magic, Forget Spell, Divine Exegesis


You were in the Dungeon.
You worshipped Sif Muna.
Sif Muna was extremely pleased with you.
You visited 1 branch

Inventory:

Hand Weapons
 a - a +2 hand axe
 e - a +1 vorpal trident
 j - a +2 trident (weapon)
 k - a +2 mace
Missiles
 d - 5 boomerangs of dispersal (quivered)
 o - 15 stones
Armour
 b - a +0 leather armour (worn)
Scrolls
 c - 2 scrolls of blinking
 m - 5 scrolls of amnesia
 n - a scroll of summoning
Potions
 f - 5 potions of curing
 g - a potion of haste
 h - 3 potions of magic
 i - 2 potions of berserk rage
 l - 2 potions of invisibility


   Skills:
 + Level 7.4 Fighting
 + Level 5.8 Short Blades
 + Level 5.8 Long Blades
 + Level 5.8 Axes
 + Level 5.8 Maces & Flails
 + Level 7.4 Polearms
 + Level 5.8 Staves
 + Level 5.8 Slings
 + Level 5.8 Bows
 + Level 5.8 Crossbows
 + Level 6.4 Throwing
 + Level 6.4 Armour
 + Level 7.4 Dodging
 + Level 5.8 Stealth
 + Level 5.8 Shields
 + Level 5.8 Unarmed Combat
 + Level 7.7 Spellcasting
 + Level 4.8 Conjurations
 + Level 4.8 Hexes
 + Level 4.8 Summonings
 + Level 4.8 Necromancy
 + Level 7.3 Translocations
 + Level 4.8 Transmutations
 + Level 4.8 Fire Magic
 + Level 4.8 Ice Magic
 + Level 4.8 Air Magic
 + Level 4.8 Earth Magic
 + Level 4.8 Poison Magic
 + Level 6.3 Invocations
 + Level 5.8 Evocations


You had 13 spell levels left.
You knew the following spells:

 Your Spells              Type           Power      Damage    Failure   Level
a - Blink                 Tloc           54%        N/A       1%          2
b - Gell's Gravitas       Tloc           27%        N/A       2%          3
c - Teleport Other        Tloc           27%        N/A       2%          3

Your spell library contained the following spells:

 Spells                   Type           Power      Damage    Failure   Level
 Lesser Beckoning         Tloc           27%        N/A       2%          3
 Manifold Assault         Tloc           27%        N/A       22%         5


Dungeon Overview and Level Annotations

Branches:
Dungeon (1/1)

Altars:
Ashenzari
Cheibriados
Dithmenos
Elyvilon
Fedhas
Gozag
Hepliaklqana
Kikubaaqudgha
Makhleb
Nemelex Xobeh
Okawaru
Qazlal
Ru
Sif Muna
Trog
Uskayaw
Vehumet
Wu Jian
Xom
Yredelemnul
Zin
The Shining One
Beogh
Jiyva
Lugonu


Innate Abilities, Weirdness & Mutations

You have very sharp teeth.
Your uncanny sense of smell can sniff out nearby items.
Your experience applies equally to all skills.


Message History

Unknown command.
Unknown command.
Unknown command.
You hit the wight.
The wight is moderately damaged.
Unknown command.
Unknown command.
You hit the wight.
You destroy the wight!
Sif Muna accepts your kill.
You see here Sif Muna's Volume of Transmutation {god gift}.
Sif Muna grants you a gift!
Your life force feels restored.
Unknown command.
Unknown command.
Unknown command.
Unknown command.
You hit the wight.
The wight is severely damaged.
The wight hits you with a +5 long sword!
* * * LOW HITPOINT WARNING * * *
Unknown command.
Unknown command.
Unknown command.
A red film seems to cover your vision as you go berserk!
You feel yourself moving faster!
You feel mighty!
The wight hits you with a +5 long sword!
* * * LOW HITPOINT WARNING * * *
You feel drained.
* * * LOW HITPOINT WARNING * * *
You puncture the wight!
You destroy the wight!
Sif Muna accepts your kill.
Your life force feels restored.
You closely miss the ice beast.
The ice beast is heavily wounded.
You closely miss the ice beast.
The ice beast is heavily wounded.
The ice beast hits you.
You die...

#.##'#..#'###...<...#
#.#........##.......#
#.#........##.......#
#'###########.......#
#.......#.. #########
#...#...#)#
#...#...#.# ∆∆∆∆
#.##.##.#Y# ∆
#...#...#@+ ∆
#...#...#'# ∆
#.......'.# ∆
###########


You could see an ice beast.

Vanquished Creatures
  A ynoxinul (D)
  A floating eye (D)
  2 ice beasts (D)
  A scorpion (D)
  3 wights (D)
  An orc priest (D)
  A hound (D)
  An orc wizard (D)
  An adder (D)
  2 orcs (D)
  2 endoplasms (D)
  A hobgoblin (D)
  4 jackals (D)
  A kobold (D)
  A ball python skeleton (D)
  A bat (D)
  A quokka zombie (D)
  2 rats (D)
27 creatures vanquished.

Notes
Turn   | Place    | Note
-------+----------+-------------------------------------------
     0 | D        | Groucho the Gnoll Warper began the quest for the Orb.
     0 | D        | Reached XP level 1. HP: 20/20 MP: 6/6
    22 | D        | Reached skill level 5 in Spellcasting
    22 | D        | Reached skill level 1 in Invocations
    26 | D        | Reached skill level 1 in Short Blades
    26 | D        | Reached skill level 1 in Long Blades
    26 | D        | Reached skill level 1 in Axes
    26 | D        | Reached skill level 1 in Maces & Flails
    26 | D        | Reached skill level 1 in Staves
    26 | D        | Reached skill level 1 in Slings
    26 | D        | Reached skill level 1 in Bows
    26 | D        | Reached skill level 1 in Crossbows
    26 | D        | Reached skill level 1 in Stealth
    26 | D        | Reached skill level 1 in Shields
    26 | D        | Reached skill level 1 in Unarmed Combat
    26 | D        | Reached skill level 1 in Evocations
    62 | D        | Found a bloodstained altar of Trog.
    62 | D        | Found a shimmering blue altar of Sif Muna.
    62 | D        | Found a viscous altar of Jiyva.
    62 | D        | Found a hazy altar of Hepliaklqana.
    62 | D        | Found an opulent altar of Gozag.
    63 | D        | Found a glowing golden altar of the Shining One.
    63 | D        | Found a glowing silver altar of Zin.
    63 | D        | Found a basalt altar of Yredelemnul.
    63 | D        | Found a shimmering altar of Xom.
    63 | D        | Found an ornate altar of the Wu Jian Council.
    63 | D        | Found a sacrificial altar of Ru.
    63 | D        | Found a stormy altar of Qazlal.
    63 | D        | Found an iron altar of Okawaru.
    63 | D        | Found a sparkling altar of Nemelex Xobeh.
    63 | D        | Found a burning altar of Makhleb.
    63 | D        | Found a blossoming altar of Fedhas.
    63 | D        | Found a white marble altar of Elyvilon.
    63 | D        | Found a shadowy altar of Dithmenos.
    63 | D        | Found a snail-covered altar of Cheibriados.
    65 | D        | Found a radiant altar of Vehumet.
    65 | D        | Found a corrupted altar of Lugonu.
    66 | D        | Found a hide-covered altar of Uskayaw.
    66 | D        | Found an ancient bone altar of Kikubaaqudgha.
    66 | D        | Found a broken altar of Ashenzari.
    76 | D        | Became a worshipper of Sif Muna the Loreminder
    86 | D        | Noticed a floating eye
    93 | D        | Paralysed by a floating eye for 4 turns
    99 | D        | Killed a floating eye
   100 | D        | Reached skill level 5 in Fighting
   100 | D        | Reached skill level 5 in Polearms
   100 | D        | Reached skill level 5 in Dodging
   100 | D        | Reached XP level 2. HP: 27/27 MP: 6/8
   100 | D        | Reached XP level 3. HP: 33/33 MP: 7/10
   100 | D        | Reached XP level 4. HP: 39/39 MP: 7/11
   137 | D        | Reached * piety under Sif Muna
   138 | D        | Noticed a scorpion
   145 | D        | Killed a scorpion
   146 | D        | Reached XP level 5. HP: 42/46 MP: 11/13
   169 | D        | Reached ** piety under Sif Muna
   174 | D        | Noticed an ice beast
   206 | D        | Killed an ice beast
   207 | D        | Reached skill level 5 in Throwing
   207 | D        | Reached skill level 5 in Armour
   207 | D        | Reached XP level 6. HP: 5/52 MP: 13/15
   208 | D        | HP: 2/52 [poisoned by an adder]
   797 | D        | Learned a level 2 spell: Blink
   801 | D        | Learned a level 3 spell: Gell's Gravitas
   805 | D        | Learned a level 3 spell: Teleport Other
   814 | D        | Noticed an ice beast
   832 | D        | Reached *** piety under Sif Muna
   892 | D        | Reached skill level 5 in Invocations
   892 | D        | Reached **** piety under Sif Muna
   930 | D        | Killed an ice beast
   931 | D        | Reached skill level 5 in Short Blades
   931 | D        | Reached skill level 5 in Long Blades
   931 | D        | Reached skill level 5 in Axes
   931 | D        | Reached skill level 5 in Maces & Flails
   931 | D        | Reached skill level 5 in Staves
   931 | D        | Reached skill level 5 in Slings
   931 | D        | Reached skill level 5 in Bows
   931 | D        | Reached skill level 5 in Crossbows
   931 | D        | Reached skill level 5 in Stealth
   931 | D        | Reached skill level 5 in Shields
   931 | D        | Reached skill level 5 in Unarmed Combat
   931 | D        | Reached skill level 5 in Evocations
   960 | D        | Reached XP level 7. HP: 50/59 MP: 17/17
   976 | D        | Noticed a ynoxinul
   991 | D        | Killed a ynoxinul
   991 | D        | Reached ***** piety under Sif Muna
  1499 | D        | Received a gift from Sif Muna
  1501 | D        | HP: 2/87 [wight/+5 long sword (3)]
  1504 | D        | Slain by an ice beast

Illustrated notes

Levels and vault maps discovered:
D:        pitsprint [storerooms_1, entrance_room_1, metal_vault_1, armoury_1,
          mini_pit_1, grid_room_1, main_hall_1, silver_pit, the_coven_3,
          the_vestibule_1, steel_vault_4, golden_pit, hallway_of_sentries,
          crystal_vault_1, iron_vault_2, final_vault]

Skill      XL: |  1  2  3  4  5  6  7 |
---------------+----------------------+-----
Spellcasting   | 5 6 7 |  7.7
Invocations    | 3 4 5 6 |  6.3
Short Blades   | 3 4 5 |  5.8
Long Blades    | 3 4 5 |  5.8
Axes           | 3 4 5 |  5.8
Maces & Flails | 3 4 5 |  5.8
Staves         | 3 4 5 |  5.8
Slings         | 3 4 5 |  5.8
Bows           | 3 4 5 |  5.8
Crossbows      | 3 4 5 |  5.8
Stealth        | 3 4 5 |  5.8
Shields        | 3 4 5 |  5.8
Unarmed Combat | 3 4 5 |  5.8
Evocations     | 3 4 5 |  5.8
Fighting       | 5 6 7 |  7.4
Polearms       | 5 6 7 |  7.4
Throwing       | 4 5 6 |  6.4
Armour         | 4 5 6 |  6.4
Dodging        | 5 6 7 |  7.4
Conjurations   | 2 3 4 |  4.8
Hexes          | 2 3 4 |  4.8
Summonings     | 2 3 4 |  4.8
Necromancy     | 2 3 4 |  4.8
Translocations | 6 7 |  7.3
Transmutations | 2 3 4 |  4.8
Fire Magic     | 2 3 4 |  4.8
Ice Magic      | 2 3 4 |  4.8
Air Magic      | 2 3 4 |  4.8
Earth Magic    | 2 3 4 |  4.8
Poison Magic   | 2 3 4 |  4.8

Action                   |  1- 3 |  4- 6 |  7- 9 || total
-------------------------+-------+-------+-------++-------
Melee: Spear             |    15 |       |       ||    15
       Trident           |     5 |    80 |    19 ||   104
       Bite              |     1 |     5 |     4 ||    10
       Punch             |       |     1 |       ||     1
 Cast: Gell's Gravitas   |       |       |     7 ||     7
  Use: Potion            |       |     4 |     5 ||     9
 Stab: Sleeping          |       |     3 |     1 ||     4
Armor: Leather armour    |     9 |    21 |     5 ||    35
Dodge: Dodged            |    14 |    39 |    25 ||    78
